 Dungeon Crawl Stone Soup version 0.31-a0-75-g6fe912e8c5 (webtiles) character file.

Game seed: 17855553523516623471

226 greasedhog the Shooter (level 6, -9/48 HPs)
             Began as a Formicid Hunter on May 24, 2023.
             Engulfed by a cloud of flame (37 damage)
             ... on level 4 of the Dungeon.
             The game lasted 00:02:36 (2138 turns).

greasedhog the Shooter (Formicid Hunter)            Turns: 2138, Time: 00:02:38

Health: -9/48      AC:  9    Str: 16    XL:     6   Next: 22%
Magic:  6/6        EV: 11    Int: 10    God:
Gold:   190        SH:  8    Dex: 19    Spells: 5/5 levels left

rFire   . . .        s - +5 sling of the Grinning Firefly {heavy, Int+2}
rCold   . . .        i - +0 kite shield
rNeg    . . .        j - +0 chain mail
rPois   .            (helmet unavailable)
rElec   .            u - +0 cloak
rCorr   .            (no gloves)
SInv    +            (no boots)
Will    .....        (no amulet) Stlth
                     l - +5 ring of evasion
HPRegen 0.28/turn    (no ring)
MPRegen 0.10/turn

%: no passive effects
@: no status effects
A: permanent stasis, dig shafts and tunnels, antennae 3, four strong arms
a: Dig, Shaft Self


You were on level 4 of the Dungeon.
You visited 1 branch of the dungeon, and saw 4 of its levels.

You collected 190 gold pieces.

Inventory:

Hand Weapons
 a - a +0 shortbow
 s - the +5 sling of the Grinning Firefly (weapon) {heavy, Int+2}
   (You took it off a hobgoblin on level 3 of the Dungeon)

   Int:       It affects your intelligence (+2).
Armour
 i - a +0 kite shield (worn)
 j - a +0 chain mail (worn)
 u - a +0 cloak (worn)
Jewellery
 l - a +5 ring of evasion (left hand)
Wands
 p - a wand of charming (10)
Scrolls
 b - a scroll of immolation
 c - 3 scrolls of fog {unknown}
 e - a scroll of fear {unknown}
 f - a scroll of acquirement {unknown}
 g - a scroll of torment {unknown}
 h - 3 scrolls of identify {unknown}
 m - a scroll of magic mapping {unknown}
 o - a scroll of teleportation {unknown}
 q - a scroll of enchant armour {unknown}
 t - a scroll of poison {unknown}
Potions
 d - 2 potions of heal wounds {unknown}
 k - 3 potions of attraction {unknown}
 n - a potion of curing {unknown}
 r - a potion of ambrosia {unknown}


   Skills:
 + Level 4.1 Fighting
 * Level 6.2 Ranged Weapons
 - Level 1.7 Dodging
 - Level 1.2 Stealth


You had 5 spell levels left.
You didn't know any spells.
Your spell library was empty.

Dungeon Overview and Level Annotations

Branches:
Dungeon (4/15)
 Temple: D:4-7

Altars:

Shops:
D:3 :


Innate Abilities, Weirdness & Mutations

You cannot be hasted, slowed, berserked, paralysed or teleported.
You can dig through walls and to a lower floor.
You have a pair of large antennae on your head. (SInv)
Your four strong arms can wield two-handed weapons with a shield.


Message History

A giant cockroach comes into view.
You block the hound's attack.
You shoot a sling bullet.
The sling bullet barely misses the hound.
The sling bullet closely misses Ijyb.
The hound closely misses you. The hound bites you but does no damage.
Ijyb screams, "Level is mine!
All mine!"
The hound barely misses you.
Really read the scroll of immolation?
As you read the scroll of immolation, it crumbles to dust.
The creatures around you are filled with an inner flame!
The hound barely misses you.
Ijyb screams, "Level is mine!
All mine!"
The hound bites you but does no damage.
Fire: s) +5 sling of the Grinning Firefly {heavy, Int+2}
Press: ? - help, Q - select action, (/) - cycle Shift-Dir - straight line, f - Ijyb, p - hound
Aim: Ijyb, wielding a +0 dagger, wearing a +0 chain mail and carrying a wand of roots (5) (inner flame, 69% to hit)
You shoot a sling bullet.
The sling bullet closely misses the hound.
The sling bullet hits Ijyb but does no damage.
The hound closely misses you. The hound bites you but does no damage.
Ijyb zaps a wand.
The roots erupt in riotous growth!
The hound is unaffected.
The grasping roots grab you!
Ijyb is unaffected.
The giant cockroach is unaffected.
The grasping roots constrict you. The hound bites you but does no damage.
The grasping roots constrict you.
You hear an angry hiss.
You escape the roots grasp.
The hound bites you.
Fire: s) +5 sling of the Grinning Firefly {heavy, Int+2}
Press: ? - help, Q - select action, (/) - cycle Shift-Dir - straight line, f/p - Ijyb
Aim: Ijyb, wielding a +0 dagger, wearing a +0 chain mail and carrying a wand of roots (4) (inner flame, 69% to hit)
You shoot a sling bullet. The sling bullet hits the hound!!
The hound explodes!
The fiery explosion engulfs you!
The fiery explosion engulfs Ijyb!!!
Ijyb explodes!
The fiery explosion engulfs the giant cockroach!!
The giant cockroach explodes!
You are engulfed in blazing flames.
Ouch! That really hurt!
You die...

#.. #.# #.# ... #.# #.#
{# # #.########§#....
#####.##...@§§§§....
######......#.#.#########
.....#..###.....#
.....#.## ##..#.#
#......# #..#.# { {
#.#..#.## #....#
..#..#..###.###.# {
......<....# #.#
###...###.## #


There were no monsters in sight!

Vanquished Creatures
  A scorpion (D:3)
  A hound (D:4)
  2 jellies
  An iguana (D:4)
  Ijyb (D:4)
  An adder (D:2)
  2 dart slugs
  An orc (D:2)
  11 endoplasms
  3 giant cockroaches
  9 goblins
  8 hobgoblins
  4 jackals (D:3)
  4 quokkas
  5 ball pythons
  5 bats
  A frilled lizard (D:3)
  5 kobolds
  2 rats
67 creatures vanquished.

Notes
Turn   | Place    | Note
-------+----------+-------------------------------------------
     0 | D:1      | greasedhog the Formicid Hunter began the quest for the Orb.
     0 | D:1      | Reached XP level 1. HP: 16/16 MP: 1/1
   114 | D:1      | Reached XP level 2. HP: 23/23 MP: 2/2
   359 | D:1      | Reached XP level 3. HP: 28/28 MP: 3/3
  1133 | D:2      | Reached XP level 4. HP: 31/35 MP: 4/4
  1176 | D:2      | Reached skill level 5 in Ranged Weapons
  1338 | D:3      | Noticed a scorpion
  1343 | D:3      | Killed a scorpion
  1344 | D:3      | Reached XP level 5. HP: 41/41 MP: 5/5
  1656 | D:3      | Identified the +5 sling of the Grinning Firefly {heavy,
                  | Int+2}
  1730 | D:3      | Found Ebaimi's Book Shoppe.
  2078 | D:4      | Reached skill level 6 in Ranged Weapons
  2078 | D:4      | Reached XP level 6. HP: 48/48 MP: 6/6
  2132 | D:4      | Noticed Ijyb
  2138 | D:4      | Killed Ijyb
  2138 | D:4      | Engulfed by a cloud of flame

Illustrated notes

Levels and vault maps discovered:
D:1:      amcnicky_arrival_underground_garden, layout_loops_cross
D:2:      minmay_spotlight, layout_basic
D:3:      layout_basic, serial_shops, nicolae_shop_crystal, minmay_puff
D:4:      layout_loops_cross, lemuel_tele_altar, uniq_ijyb, uniq_duvessa

Skill      XL: |  1  2  3  4  5 |
---------------+----------------+-----
Fighting       | 3 4 |  4.1
Ranged Weapons | 5 6 |  6.2
Dodging        | |  1.7
Stealth        | |  1.2

Action                     |  1- 3 |  4- 6 || total
---------------------------+-------+-------++-------
   Fire: Shortbow          |    78 |    53 ||   131
         Sling             |       |    33 ||    33
    Use: Scroll            |       |     1 ||     1
 Armour: Leather armour    |     3 |       ||     3
         Chain mail        |     4 |    42 ||    46
  Dodge: Dodged            |     8 |    38 ||    46
  Block: Kite shield       |     4 |    39 ||    43

Table legend: (Time is in decaauts)
 A = Elapsed time spent in this place.
 B = Non-inter-level travel time spent in this place.
 C = Inter-level travel time spent in this place.
 D = Time resting spent in this place.
 E = Time spent auto-exploring this place.
 F = Levels seen in this place.
 G = Mean time per level.
                   A        B        C        D        E       F      G
               +--------+--------+--------+--------+--------+-----+--------+
         Total |   2240 |   2141 |     99 |      0 |   1659 |   4 |  560.0 |
       Dungeon |   2240 |   2141 |     99 |      0 |   1659 |   4 |  560.0 |
               +--------+--------+--------+--------+--------+-----+--------+

Top non-repeatable levels by time:
     D:3: 776 daAuts
     D:2: 670 daAuts
     D:1: 613 daAuts
     D:4: 180 daAuts
